 Dungeon Crawl Stone Soup version 0.31-a0-1074-g0b22e4e0f1 (webtiles) character file.

Game seed: 8290774852854460278

2207 bmb222 the Grappler (level 9, -1/57 HPs)
             Began as an Octopode Shapeshifter on Nov 30, 2023.
             Slain by Maggie
             ... wielding a +0 heavy broad axe
              (23 damage)
             ... on level 6 of the Dungeon.
             The game lasted 00:08:09 (7225 turns).

bmb222 the Grappler (Octopode Shapeshifter)         Turns: 7225, Time: 00:08:09

Health: -1/57      AC:  1    Str: 17    XL:     9   Next: 34%
Magic:  9/9        EV: 14    Int: 12    God:
Gold:   379        SH:  0    Dex: 12    Spells: 8/8 levels left

rFire   . .          .
                       - Unarmed
rCold   . . .        (no shield)
rNeg    . . .        (helmet currently unavailable)
rPois   .            (no amulet)
rElec   .            j - ring of willpower
rCorr   .            p - ring of flight
SInv    .            (no ring)
Will    +....        (no ring)
Stlth   ++++         (no ring)
HPRegen 0.29/turn    (no ring)
MPRegen 0.11/turn    (no ring)
                     (no ring)

%: no passive effects
@: beast-form, flying
A: beast (slay +3), almost no armour, amphibious, 8 rings, camouflage 1,
gelatinous body 1, (nimble swimmer 1), tentacles
a: Begin Untransformation


You were on level 6 of the Dungeon.
You were a hulking beast.
You visited 2 branches of the dungeon, and saw 7 of its levels.
You also visited: Ossuary.

You collected 379 gold pieces.

Inventory:

Missiles
 g - 14 poisoned darts
 h - 6 boomerangs
 r - 3 curare-tipped darts (quivered)
Jewellery
 j - a ring of willpower (left tentacle)
 p - a ring of flight (right tentacle)
Talismans
 b - a beast talisman
 c - a flux talisman
Wands
 m - a wand of flame (3)
 u - a wand of paralysis (8)
 v - a wand of acid (13)
Scrolls
 e - a scroll of enchant weapon
 i - 4 scrolls of identify
 o - 2 scrolls of teleportation
 q - 3 scrolls of revelation {unknown}
Potions
 a - 3 potions of lignification
 d - 2 potions of enlightenment
 f - 2 potions of curing
 k - a potion of cancellation {unknown}
 l - a potion of might {unknown}
 n - 3 potions of degeneration {unknown}
 s - 3 potions of haste {unknown}
 t - a potion of attraction {unknown}
 w - 2 potions of resistance {unknown}
 x - 2 potions of invisibility {unknown}


   Skills:
 + Level 3.2 Fighting
 + Level 1.1 Throwing
 + Level 4.3 Dodging
 - Level 7.0 Stealth
 + Level 8.7 Unarmed Combat
 + Level 1.1 Evocations
 * Level 5.4 Shapeshifting


You had 8 spell levels left.
You didn't know any spells.
Your spell library contained the following spells:

 Spells                   Type           Power      Damage    Failure   Level
 Cigotuvi's Dreadful Rot  Necr/Pois/Air  0%         N/A       45%         2
 Dispel Undead            Necr           0%         3d6       97%         4
 Death Channel            Necr           0%         N/A       100%        6


Dungeon Overview and Level Annotations

Branches:
Dungeon (6/15)             Temple (1/1) D:4         Ossuary (visited)

Altars:
Ashenzari
Cheibriados
Fedhas
Kikubaaqudgha
Makhleb
Nemelex Xobeh
Okawaru
Qazlal
Ru
Sif Muna
Trog
Uskayaw
Wu Jian
Xom
Yredelemnul
The Shining One

Annotations:
D:6 Maggie


Innate Abilities, Weirdness & Mutations

You are a hulking beast.
Your limbs bulge with bestial killing power. (Slay +3)
You cannot wear most types of armour.
You are amphibious.
You can wear up to eight rings at the same time.
Your skin changes colour to match your surroundings (Stealth+).
Your rubbery body absorbs attacks. (AC +1, EV +1)
((You are camouflaged when in or above water. (Stealth+)))
You have tentacles for arms and can constrict up to eight enemies at once.


Message History

You bludgeon the ufetubus!
You kill the ufetubus!
The ufetubus barely misses you. The ufetubus hits you.
You bludgeon the ufetubus!
You kill the ufetubus!
HP restored.
There is an open door here.
There is an open door here.
Things that are here:
a +0 dagger of venom; a +0 robe Maggie the Vainglorious comes into view.
She is wielding a +0 heavy broad axe.
Throw: 4 darts (curare)
Press: ? - help, Q - select action, (/) - cycle Shift-Dir - straight line, f - Maggie
Aim: Maggie, wielding a +0 heavy broad axe and wearing +1 acid dragon scales (asleep, 98% to hit)
You throw a curare-tipped dart. The curare-tipped dart hits Maggie.
Maggie is poisoned.
Maggie convulses.
Maggie seems to slow down.
Maggie shouts!
Maggie is lightly wounded.
Maggie gestures at you while chanting. The bolt of fire hits you!
Maggie mumbles the words to a spell, but in the wrong order.
You closely miss Maggie. You grab Maggie. You squeeze Maggie!
Maggie is heavily wounded.
You constrict Maggie, but do no damage. You barely miss Maggie.
Your squeeze misses Maggie.
Maggie is heavily wounded.
You constrict Maggie.
Maggie hits you with a +0 heavy broad axe!!
You tentacle-slap Maggie.
Maggie is heavily wounded.
You constrict Maggie, but do no damage. You tentacle-slap Maggie.
You squeeze Maggie, but do no damage.
Maggie is heavily wounded.
You constrict Maggie. You barely miss Maggie. You squeeze Maggie.
Maggie is severely wounded.
You constrict Maggie.
Maggie hits you with a +0 heavy broad axe!!
You die...

#....# #....# #....#
#....# ######....#
..........#
..........########
.......#>........###
..<...##.#######h@.#
......#### ###(#
......# ###### #
......#####.....
.........##.#######
.........##.#.....#
#........##.#.....##
#.#.....###.#......#
#.#.##......#......#


You could see Maggie (poisoned, slow).

Vanquished Creatures
  Pikel (D:6)
  Edmund (D:6)
  Menkaure (D:6)
  An ice beast (D:6)
  A black bear (D:6)
  An ogre (D:4)
  2 phantoms (D:5)
  An elf zombie (Ossuary)
  A bullfrog (D:6)
  2 scorpions
  An electric eel (D:6)
  2 centaur zombies (Ossuary)
  4 hounds
  A human zombie (Ossuary)
  2 orc priests
  Ijyb (D:3)
  3 iguanas
  4 orc wizards
  2 hound zombies (Ossuary)
  3 mummies (Ossuary)
  8 adders
  8 ufetubi
  5 adder zombies (Ossuary)
  A worm (D:2)
  2 dart slugs
  14 orcs
  3 ball pythons
  12 endoplasms
  7 goblins
  7 hobgoblins
  A quokka (D:1)
  6 bats
  2 frilled lizards
  3 gnoll zombies (Ossuary)
  4 goblin zombies (Ossuary)
  3 hobgoblin zombies (Ossuary)
  3 jackal zombies (Ossuary)
  7 kobolds
  3 kobold zombies (Ossuary)
  An orc zombie (Ossuary)
  5 quokka zombies (Ossuary)
  7 rats
  2 rat zombies (Ossuary)
149 creatures vanquished.

Notes
Turn   | Place    | Note
-------+----------+-------------------------------------------
     0 | D:1      | bmb222 the Octopode Shapeshifter began the quest for the
                  | Orb.
     0 | D:1      | Reached XP level 1. HP: 13/13 MP: 1/1
   174 | D:1      | Reached XP level 2. HP: 16/18 MP: 2/2
   589 | D:2      | Reached XP level 3. HP: 19/23 MP: 3/3
   661 | D:2      | Reached skill level 4 in Unarmed Combat
   680 | D:2      | Reached skill level 1 in Stealth
   882 | D:2      | Reached XP level 4. HP: 14/28 MP: 4/4
  1644 | D:3      | Reached XP level 5. HP: 7/33 MP: 5/5
  1871 | D:3      | Identified the +5 flail of Coerucug {venom, Will+ Str+3}
  2051 | D:3      | Found a faded altar of an unknown god.
  2357 | D:3      | Noticed Ijyb
  2366 | D:3      | Killed Ijyb
  2612 | D:4      | Found a sand-covered staircase.
  2619 | Ossuary  | Entered an ossuary
  2660 | Ossuary  | Reached skill level 5 in Unarmed Combat
  2660 | Ossuary  | Reached XP level 6. HP: 35/38 MP: 6/6
  2882 | Ossuary  | Reached skill level 5 in Stealth
  3092 | Ossuary  | Reached XP level 7. HP: 35/43 MP: 7/7
  3632 | D:4      | Found a broken altar of Ashenzari.
  3807 | D:4      | Found an ancient bone altar of Kikubaaqudgha.
  3840 | D:4      | Found a staircase to the Ecumenical Temple.
  3892 | Temple   | Entered the Ecumenical Temple
  4690 | D:5      | Entered Level 5 of the Dungeon
  4892 | D:5      | Reached skill level 6 in Unarmed Combat
  4944 | D:5      | Reached skill level 1 in Evocations
  4989 | D:5      | Reached XP level 8. HP: 40/49 MP: 8/8
  5595 | D:5      | Found a bloodstained altar of Trog.
  6004 | D:6      | Reached skill level 7 in Unarmed Combat
  6078 | D:6      | Found a sparkling altar of Nemelex Xobeh.
  6081 | D:6      | Found a shimmering blue altar of Sif Muna.
  6110 | D:6      | Noticed Edmund
  6123 | D:6      | Killed Edmund
  6223 | D:6      | Found a sacrificial altar of Ru.
  6418 | D:6      | Reached skill level 5 in Shapeshifting
  6562 | D:6      | Noticed Pikel
  6572 | D:6      | Killed Pikel
  6573 | D:6      | Reached skill level 1 in Throwing
  6573 | D:6      | Reached skill level 8 in Unarmed Combat
  6573 | D:6      | Reached XP level 9. HP: 43/56 MP: 9/9
  6622 | D:6      | Noticed Menkaure
  6688 | D:6      | Killed Menkaure
  7216 | D:6      | Noticed Maggie
  7225 | D:6      | Slain by Maggie

Illustrated notes

Levels and vault maps discovered:
D:1:      minmay_arrival_shoal_huts, layout_basic
D:2:      layout_basic, chequers_serial_rivers_micro_e
D:3:      layout_basic, hellmonk_ecumenical_altar_leap_of_faith,
          minmay_checkerbox, uniq_ijyb
D:4:      layout_basic, kennysheep_little_box, kennysheep_mini,
          minmay_temple_entry_drinking_statues,
          lightli_ossuary_entry_decrepit_ruins
D:5:      layout_gridville, trog_three_pillars_becter
D:6:      layout_cave_pools, lemuel_round_altar, nicolae_overflow_squiral,
          serial_co_window_serial, co_window_corner_a, co_window_paths_b,
          co_window_corner_a, co_window_of_opportunity_a, co_window_corner_a,
          co_window_of_opportunity_a, co_window_paths_b, co_window_2corner,
          co_window_unsneaky_path_c, co_window_corner_cb, co_window_cross_4,
          co_window_of_opportunity_b, co_window_corner_b, co_window_4corner_a,
          chequers_serial_rivers_room_b, uniq_maggie, uniq_edmund,
          uniq_menkaure, uniq_pikel
Temple:   hellmonk_temple_rainy

Skill      XL: |  1  2  3  4  5  6  7  8 |
---------------+-------------------------+-----
Unarmed Combat | 4 5 6 8 |  8.7
Stealth        | 1 3 4 5 7 |  7.0
Dodging        | 3 4 |  4.3
Evocations     | 1 |  1.1
Shapeshifting  | 5 |  5.4
Fighting       | 3 |  3.2
Throwing       | 1 |  1.1

Action                     |  1- 3 |  4- 6 |  7- 9 || total
---------------------------+-------+-------+-------++-------
  Melee: Unarmed           |    49 |   148 |   144 ||   341
         Constrict         |    14 |    38 |    26 ||    78
         Tentacles         |    11 |    48 |    32 ||    91
         Punch             |       |     9 |     8 ||    17
  Throw: Dart              |       |       |     7 ||     7
  Evoke: Wand              |       |       |     1 ||     1
    Use: Scroll            |       |       |    10 ||    10
         Potion            |       |       |     4 ||     4
   Stab: Sleeping          |     4 |     8 |     6 ||    18
         Distracted        |     1 |     1 |     1 ||     3
         Paralysed         |       |       |     3 ||     3
 Armour: Skin              |    21 |    63 |    82 ||   166
  Dodge: Dodged            |    24 |    80 |    82 ||   186

Table legend: (Time is in decaauts)
 A = Elapsed time spent in this place.
 B = Non-inter-level travel time spent in this place.
 C = Inter-level travel time spent in this place.
 D = Time resting spent in this place.
 E = Time spent auto-exploring this place.
 F = Levels seen in this place.
 G = Mean time per level.
                   A        B        C        D        E       F      G
               +--------+--------+--------+--------+--------+-----+--------+
         Total |   7187 |   6989 |    198 |   1733 |   4177 |   8 |  898.4 |
       Dungeon |   6106 |   5908 |    198 |   1098 |   3915 |   6 | 1017.7 |
        Temple |    399 |    399 |      0 |    382 |      0 |   1 |  399.0 |
       Ossuary |    681 |    681 |      0 |    253 |    262 |   1 |  681.0 |
               +--------+--------+--------+--------+--------+-----+--------+

Top non-repeatable levels by time:
     D:5: 1296 daAuts
     D:6: 1222 daAuts
     D:4: 1120 daAuts
     D:3: 1027 daAuts
     D:2: 867 daAuts
 Ossuary: 681 daAuts
     D:1: 572 daAuts
  Temple: 399 daAuts
